Map: Línea Aguablanca EE

Players

MrFercho - Winner!

  • Race: Zerg Zerg
  • League: Gold
  • Spawn Location: 6:00

tigro - Winner!

  • Race: Terran Terran
  • League: Bronze
  • Spawn Location: 7:00

TATORREA - Winner!

  • Race: Protoss Protoss
  • League: Gold
  • Spawn Location: 7:00

MRCOFFEE

  • Race: Protoss Protoss
  • League: Silver
  • Spawn Location: 1:00

Iosanrriu

  • Race: Terran Terran
  • Spawn Location: 12:00

LUKZ

  • Race: Terran Terran
  • League: Bronze
  • Spawn Location: 1:00

VOD

Have the link to the VOD?

Description

Time

  • Played on: July 20, 2020, 9:43 p.m.
  • Length: 18:57
Show
View Real Time Build Order
Export as new Build Order

MrFercho Zerg - Winner!

Build Orders: Hatch First, Lurkers 

Get SALT Encoding   

  12  0:01  Drone  
  13  0:13  Overlord  
  13  0:22  Drone  
  14  0:35  Drone  
  14  0:36  Drone x2  
  17  0:58  Drone  
  17  0:59  Hatchery  
  17  1:02  Drone  
  18  1:13  Extractor  
  17  1:19  Spawning Pool  
  17  1:22  Drone  
  17  1:26  Drone  
  18  1:36  Drone  
  19  1:42  Drone  
  20  1:53  Overlord  
  20  2:10  Overlord  
  20  2:12  Queen x2  
  20  2:13  Drone  
  20  2:15  Drone  
  26  2:22  Metabolic Boost  
  26  2:25  Drone  
  27  2:31  Drone  
  27  2:32  Drone  
  27  2:35  Drone  
  30  2:47  Drone x2  
  30  2:49  Baneling Nest  
  31  2:57  Drone x2  
  33  3:07  Drone  
  33  3:08  Drone  
  35  3:14  Lair  
  35  3:15  Drone  
  35  3:17  Drone  
  37  3:22  Queen  
  37  3:24  Drone x3  
  42  3:35  Drone x2  
  42  3:37  Overlord x2  
  44  4:00  Hatchery  
  43  4:14  Zergling x18  
  52  4:22  Nydus Network  
  51  4:26  Hatchery  
  50  4:36  Overseer  
  50  4:40  Baneling  
  50  4:47  Drone x7  
  57  5:00  Overlord  
  57  5:01  Overlord x2  
  57  5:04  Overlord x4  
  57  5:11  Overseer  
  57  5:18  Overlord x2  
  57  5:19  Overlord x2  
  57  5:20  Drone  
  58  5:22  Queen  
  60  5:28  Zergling x2  
  60  5:29  Zergling x6  
  64  5:43  Extractor  
  64  5:45  Extractor  
  62  6:15  Extractor  
  61  6:20  Extractor  
  60  6:26  Drone x17  
  60  6:27  Drone  
  60  6:31  Zergling x2  
  60  6:32  Zergling x4  
  81  6:58  Zergling x24  
  93  7:38  Zergling x34  
  93  7:39  Zergling x2  
  111  7:49  Extractor  
  111  7:50  Extractor  
  109  7:56  Overlord x3  
  109  7:57  Overlord x2  
  109  8:09  Extractor  
  109  8:12  Hydralisk Den  
  107  8:15  Spore Crawler  
  107  8:17  Spore Crawler  
  107  8:18  Spore Crawler  
  104  8:23  Drone x2  
  104  8:25  Evolution Chamber  
  105  8:27  Centrifical Hooks  
  105  8:30  Zergling x2  
  105  8:31  Zergling x24  
  118  8:34  Baneling x9  
  118  8:35  Baneling x12  
  118  8:45  Drone x6  
  124  9:09  Grooved Spines  
  124  9:14  Zerg Missile Weapons Level 1  
  124  9:18  Infestation Pit  
  124  9:20  Evolution Chamber  
  124  9:23  Hydralisk x2  
  124  9:24  Hydralisk  
  128  9:44  Hydralisk  
  128  9:45  Hydralisk x6  
  142  9:54  Zerg Ground Armor Level 1  
  142  10:06  Hydralisk x5  
  152  10:15  Overseer  
  152  10:18  Spore Crawler  
  152  10:20  Muscular Augments, Spore Crawler  
  150  10:23  Spine Crawler  
  77  10:52  Queen  
  77  10:54  Drone  
  77  10:55  Drone x10  
  89  11:07  Hydralisk x9  
  89  11:08  Hydralisk x16  
  139  11:18  Overseer  
  139  11:24  Hive  
  139  11:30  Hydralisk x4  
  148  11:32  Zergling x2  
  148  11:33  Zergling x28  
  162  11:42  Lurker Den  
  161  11:53  Spire  
  160  12:14  Extractor  
  159  12:16  Hatchery  
  159  12:20  Extractor  
  157  12:26  Burrow, Hydralisk x8  
  157  12:27  Hydralisk x5  
  157  12:29  Overlord  
  183  12:30  Overlord x3  
  183  12:31  Overlord  
  183  12:43  Seismic Spines  
  183  12:45  Zerg Missile Weapons Level 2  
  183  13:05  Overseer  
  183  13:10  Lurker x5  
  188  13:15  Lurker  
  188  13:19  Lurker  
  190  13:23  Zergling x20  
  200  13:40  Adaptive Talons  
  104  14:24  Corruptor x14  
  132  14:31  Greater Spire  
  132  14:37  Drone x14  
  146  15:36  Corruptor x8  
  162  15:46  Brood Lord x7  
  162  15:49  Zergling x2  
  178  15:50  Zergling x16  
  185  16:08  Drone x4  
  185  16:09  Drone x5  
  194  16:28  Hatchery  
  164  16:50  Corruptor x2  
  164  16:51  Corruptor x9  
  178  17:13  Corruptor  
  178  17:14  Corruptor x6  
  186  17:41  Corruptor x8  
Show
View Real Time Build Order
Export as new Build Order

tigro Terran - Winner!

Build Orders:  

Get SALT Encoding   

  12  0:02  SCV  
  13  0:14  SCV  
  14  0:26  SCV  
  15  0:33  Supply Depot  
  15  0:35  Refinery  
  15  0:54  SCV  
  15  0:56  Supply Depot  
  16  1:00  Barracks  
  16  1:07  SCV  
  17  1:19  SCV  
  18  1:31  SCV  
  19  1:38  Refinery  
  19  1:43  SCV  
  20  1:49  Marine  
  21  1:55  SCV  
  22  2:05  Factory  
  22  2:07  Marine, SCV  
  24  2:19  SCV  
  24  2:22  Engineering Bay  
  25  2:25  Marine  
  26  2:35  Orbital Command  
  26  2:42  Marine  
  27  2:51  Factory Tech Lab  
  27  3:00  Marine  
  28  3:11  Command Center  
  28  3:14  Siege Tank  
  28  3:19  Barracks Tech Lab  
  31  3:28  Terran Infantry Weapons Level 1  
  31  3:42  Missile Turret  
  31  4:01  Combat Shield  
  31  4:04  Missile Turret  
  31  4:27  Refinery, Missile Turret  
  31  4:46  SCV  
  31  4:52  Starport  
  32  4:58  SCV  
  33  5:04  Armory  
  33  5:10  SCV  
  34  5:20  Stimpack  
  34  5:22  Terran Infantry Armor Level 1, SCV  
  35  5:30  Starport  
  35  5:35  SCV  
  36  5:39  Refinery  
  36  5:47  SCV  
  37  5:55  Barracks  
  37  5:56  Medivac  
  39  5:59  SCV  
  40  6:06  Marine  
  40  6:11  SCV, Starport Tech Lab  
  42  6:23  SCV  
  42  6:24  Marine  
  44  6:35  SCV  
  45  6:42  Marine  
  46  6:47  SCV  
  47  6:59  Marine, SCV  
  49  7:02  Barracks Reactor  
  49  7:10  Fusion Core  
  49  7:11  SCV  
  49  7:14  Terran Vehicle Weapons Level 1  
  50  7:16  Hi-Sec Auto Tracking  
  50  7:17  Marine  
  50  7:18  Starport Tech Lab  
  51  7:23  SCV  
  52  7:35  Marine  
  52  7:36  SCV  
  54  7:44  Marine x2  
  56  7:53  Marine, SCV  
  58  8:00  Supply Depot  
  58  8:02  Marine x2  
  58  8:03  Missile Turret  
  60  8:05  SCV  
  60  8:11  Marine  
  62  8:13  Neosteel Armor  
  62  8:21  Marine x2  
  62  8:22  Siege Tank, SCV  
  62  8:23  Supply Depot  
  62  8:25  Missile Turret  
  68  8:28  Weapon Refit  
  68  8:29  Marine  
  69  8:34  SCV  
  70  8:44  Marine  
  70  8:46  Supply Depot, SCV  
  72  8:54  Siege Tank  
  75  9:08  Terran Vehicle And Ship Armor Level 1  
  75  9:42  Command Center  
  75  9:53  Terran Infantry Weapons Level 2  
  75  10:08  Rapid Reignition System, Planetary Fortress  
  75  10:19  Battlecruiser  
  75  10:20  Battlecruiser  
  87  10:22  Marine x3  
  90  10:40  Marine x3  
  93  10:53  Thor  
  78  10:58  Marine x3  
  78  11:02  Terran Ship Weapons Level 1  
  79  11:15  Marine  
  79  11:16  Marine x2  
  82  11:24  Battlecruiser x2  
  94  11:33  Marine  
  94  11:34  Marine x2  
  97  11:51  Marine x3  
  100  12:09  Marine x3, Terran Infantry Armor Level 2  
  103  12:27  Marine x3  
  106  12:41  Supply Depot  
  106  12:45  Marine x3  
  109  13:03  Supply Depot, Marine x2, Battlecruiser  
  117  13:25  Marine x2, Battlecruiser  
  125  13:28  Supply Depot  
  74  13:51  SCV  
  69  14:03  SCV  
  69  14:07  Battlecruiser  
  76  14:15  SCV  
  77  14:25  Terran Infantry Weapons Level 3  
  77  14:27  SCV  
  77  14:29  Battlecruiser  
  84  14:35  Refinery  
  84  14:39  SCV, Refinery  
  84  14:45  Missile Turret  
  85  15:05  Missile Turret  
  85  15:11  Battlecruiser  
  91  15:26  Missile Turret  
  91  15:34  Battlecruiser  
  90  15:50  Missile Turret  
  90  16:08  Marine x3  
  90  16:10  Missile Turret  
  87  16:16  Battlecruiser  
  84  16:25  Marine  
  84  16:26  Marine x2  
  87  16:34  Missile Turret  
  87  16:38  Battlecruiser  
  93  16:43  Marine  
  93  16:44  Marine x2  
  96  17:01  Marine x3  
  99  17:19  Marine x3  
  99  17:20  Battlecruiser  
  108  17:37  Marine x3  
  108  17:42  Battlecruiser  
  114  17:54  Marine  
  114  17:55  Marine x2  
  114  18:12  Marine  
  114  18:13  Marine x2  
  123  18:30  Marine  
Show
View Real Time Build Order
Export as new Build Order

TATORREA Protoss - Winner!

Build Orders:  

Get SALT Encoding   

  12  0:01  Probe  
  13  0:13  Probe  
  14  0:25  Probe  
  15  0:29  Pylon  
  15  0:47  Probe  
  16  0:53  Gateway  
  16  1:10  Probe  
  17  1:15  Assimilator  
  17  1:18  Probe  
  17  1:19  Pylon  
  17  1:22  Pylon  
  18  1:26  Probe  
  19  1:49  Probe  
  20  2:01  Probe  
  21  2:20  Assimilator  
  21  2:21  Probe  
  22  2:24  Zealot  
  24  2:31  Nexus  
  24  2:33  Probe  
  24  2:36  Cybernetics Core  
  25  2:45  Probe  
  25  2:51  Gateway  
  26  2:57  Zealot  
  26  2:58  Probe  
  29  3:10  Probe  
  30  3:14  Gateway  
  30  3:18  Warp Gate  
  30  3:24  Zealot  
  32  3:29  Twilight Council  
  32  3:31  Probe  
  32  3:32  Forge  
  35  3:41  Zealot  
  35  3:43  Probe  
  35  3:45  Probe  
  37  3:53  Charge, Protoss Ground Weapons Level 1  
  37  3:54  Zealot  
  37  3:55  Probe  
  40  3:57  Probe  
  41  4:07  Pylon, Probe  
  41  4:09  Probe  
  43  4:20  Probe  
  43  4:21  Probe  
  45  4:27  Zealot  
  45  4:28  Zealot  
  49  4:32  Probe  
  49  4:34  Probe  
  51  4:44  Probe  
  52  4:46  Probe  
  52  4:48  Assimilator  
  52  4:50  Assimilator  
  53  4:56  Probe  
  53  4:58  Probe  
  55  5:08  Probe  
  55  5:10  Probe  
  57  5:19  Nexus  
  57  5:20  Probe  
  57  5:21  Pylon  
  58  5:24  Pylon  
  58  5:27  Blink  
  58  5:29  Robotics Facility  
  58  5:40  Gateway  
  58  5:41  Protoss Ground Weapons Level 2  
  58  5:42  Zealot x2  
  62  5:44  Gateway  
  62  5:45  Zealot  
  62  5:46  Pylon  
  62  5:48  Probe  
  65  5:52  Probe  
  66  6:00  Probe  
  67  6:04  Probe  
  67  6:11  Zealot x3  
  72  6:13  Probe  
  72  6:16  Probe  
  72  6:18  Observer  
  77  6:26  Probe  
  78  6:39  Immortal  
  78  6:59  Probe x3  
  69  7:04  Zealot  
  69  7:05  Zealot x4  
  75  7:11  Probe x3  
  78  7:18  Immortal  
  78  7:20  Forge  
  78  7:21  Forge  
  82  7:23  Probe x3  
  82  7:26  Templar Archives  
  82  7:27  Assimilator  
  82  7:29  Assimilator  
  85  7:36  Stalker  
  87  7:37  Stalker  
  87  7:38  Nexus  
  87  7:39  Sentry  
  87  7:41  Pylon  
  87  7:42  Stalker  
  87  7:43  Pylon  
  93  7:45  Stalker  
  93  7:47  Protoss Ground Armor Level 1, Protoss Shields Level 1  
  93  7:48  Probe x3  
  98  8:00  Probe x3  
  101  8:12  Immortal  
  105  8:21  Robotics Bay  
  105  8:26  Probe  
  105  8:27  Probe x2  
  107  8:32  Stargate  
  107  8:33  Stalker  
  110  8:34  Stalker  
  110  8:36  Stargate  
  110  8:37  Stargate  
  110  8:38  Stalker, Probe  
  110  8:39  Probe x2  
  117  8:48  Pylon  
  117  8:53  Protoss Ground Weapons Level 3  
  117  8:54  Pylon  
  117  8:56  Probe x3  
  117  8:57  Pylon, Probe  
  117  9:00  Pylon  
  121  9:08  Extended Thermal Lance, Pylon  
  121  9:12  Pylon  
  121  9:16  Colossus  
  127  9:18  Protoss Air Weapons Level 1  
  127  9:39  Assimilator x2  
  127  9:40  Probe x3  
  127  9:41  Probe  
  127  9:42  Protoss Ground Armor Level 2  
  131  9:51  Void Ray x2  
  131  9:52  Probe x2, Psionic Storm  
  141  9:53  Gateway  
  141  9:55  Protoss Shields Level 2, Void Ray  
  141  9:56  Gateway  
  141  9:57  Gateway  
  141  9:58  Gateway  
  141  9:59  Gateway  
  145  10:04  Gateway  
  145  10:07  High Templar x4  
  147  10:08  High Templar  
  155  10:17  Archon x2  
  155  10:59  Nexus  
  155  11:02  Pylon  
  155  11:05  Pylon  
  155  11:09  High Templar x4  
  155  11:10  High Templar x2  
  167  11:13  Gateway, Archon  
  167  11:14  Archon x2  
  167  11:15  Gateway  
  167  11:17  Gateway  
  167  11:20  Gateway  
  167  11:22  Gateway, Colossus  
  173  11:34  Void Ray  
  173  11:35  Void Ray  
  181  11:41  Zealot x3  
  181  11:42  Zealot x4  
  181  11:43  Assimilator  
  195  11:47  Assimilator  
  195  11:52  Pylon  
  195  11:57  Pylon  
  195  12:04  Gravitic Boosters  
  195  12:14  Zealot x2  
  199  12:16  Protoss Shields Level 3, Protoss Ground Armor Level 3, Observer  
  200  12:47  Fleet Beacon  
  166  13:46  High Templar x4  
  166  13:47  High Templar x5  
  166  13:48  High Templar x4  
  156  13:49  High Templar x2  
  126  14:06  Archon x3  
  126  14:07  Archon x4  
  114  14:10  Zealot  
  116  14:22  Zealot x6  
  116  14:23  Zealot x2  
  116  14:24  Zealot x5  
  134  14:25  Zealot x2  
  134  14:28  Void Ray x2  
  134  14:29  Void Ray  
  134  14:31  Colossus  
  164  14:44  Zealot x2  
  164  14:45  Zealot x4  
  174  14:46  Zealot x4  
  174  14:47  Zealot x4  
  174  14:48  Zealot x2  
  196  15:11  Zealot x2  
  144  15:55  High Templar x4  
  144  15:56  High Templar x5  
  136  15:57  High Templar x2  
  136  15:58  High Templar x4  
  136  15:59  High Templar  
  136  16:01  Archon  
  136  16:02  Archon x4  
  136  16:03  Archon x2  
  132  16:04  Archon  
  132  16:06  Void Ray x3  
  132  16:49  Void Ray x3  
  144  17:03  Nexus  
  144  17:05  Pylon  
  144  17:06  Pylon  
  144  17:08  Zealot x2  
  144  17:09  Zealot x3  
  144  17:10  Zealot x3  
  144  17:11  Gateway, Zealot x2  
  144  17:12  Zealot x4  
  144  17:13  Gateway, Zealot x2  
  176  17:16  Gateway  
  176  17:18  Gateway x2  
  176  17:19  Gateway  
  176  17:21  Gateway  
  176  17:24  Gateway  
  176  17:32  Tempest, Carrier x2  
  176  17:34  Gateway  
  193  17:53  High Templar  
  193  17:54  High Templar x2  
  199  17:59  Archon  
  199  18:10  Pylon x2  
  199  18:14  Nexus  
Show
View Real Time Build Order
Export as new Build Order

MRCOFFEE Protoss 

Build Orders: Carriers 

Get SALT Encoding   

  12  0:02  Probe  
  13  0:10  Probe  
  14  0:23  Pylon  
  14  0:31  Probe  
  15  0:39  Pylon  
  15  0:44  Probe  
  16  0:56  Probe  
  17  1:00  Assimilator  
  17  1:07  Probe  
  18  1:15  Probe  
  18  1:17  Gateway  
  18  1:23  Probe  
  18  1:25  Gateway  
  20  1:34  Probe  
  21  1:54  Forge  
  21  1:56  Pylon  
  21  2:19  Gateway  
  21  2:30  Assimilator  
  21  2:31  Nexus  
  21  2:38  Cybernetics Core  
  21  2:40  Pylon  
  21  2:42  Probe  
  22  3:02  Pylon  
  22  3:04  Protoss Shields Level 1  
  22  3:22  Photon Cannon  
  22  3:34  Gateway, Warp Gate  
  22  3:39  Probe  
  22  3:47  Probe  
  23  3:49  Assimilator  
  24  3:57  Probe  
  24  4:01  Pylon  
  25  4:04  Probe  
  25  4:09  Probe  
  27  4:16  Probe  
  28  4:18  Stalker  
  28  4:21  Stalker, Probe  
  33  4:28  Probe  
  34  4:32  Stalker  
  34  4:33  Probe  
  34  4:37  Stalker  
  39  4:40  Probe  
  39  4:44  Probe  
  41  4:49  Probe  
  41  4:52  Probe  
  42  4:58  Probe  
  43  5:00  Probe  
  45  5:07  Probe, Stargate  
  45  5:09  Stargate  
  45  5:11  Probe  
  47  5:19  Probe  
  48  5:23  Pylon, Probe  
  49  5:34  Protoss Ground Weapons Level 1  
  49  5:38  Stalker  
  49  5:41  Stalker  
  49  5:42  Stalker  
  55  5:45  Stalker  
  57  6:00  Photon Cannon  
  57  6:07  Pylon  
  57  6:14  Assimilator  
  57  6:16  Probe  
  58  6:19  Void Ray  
  62  6:28  Probe  
  63  6:33  Probe  
  63  6:38  Protoss Air Weapons Level 1  
  64  6:46  Probe  
  65  6:52  Stalker x3, Photon Cannon  
  65  6:53  Stalker  
  65  6:54  Photon Cannon  
  73  7:34  Stalker x4  
  81  7:39  Void Ray  
  85  7:51  Cybernetics Core  
  85  7:53  Pylon  
  85  7:56  Pylon  
  85  7:59  Void Ray  
  85  8:00  Pylon  
  89  8:12  Stargate  
  89  8:33  Pylon  
  89  8:37  Pylon  
  89  8:40  Pylon  
  89  9:09  Zealot  
  91  9:10  Zealot x3  
  97  9:42  Void Ray x3  
  109  10:04  Twilight Council  
  109  10:05  Zealot x4  
  117  10:23  Pylon  
  117  10:25  Void Ray, Pylon  
  121  10:28  Pylon  
  121  10:30  Pylon  
  121  10:33  Stalker  
  121  10:34  Stalker x3, Pylon  
  117  10:39  Void Ray x2  
  111  10:53  Robotics Facility  
  111  11:08  Void Ray  
  115  11:22  Void Ray  
  119  11:48  Dark Shrine  
  119  11:49  Robotics Bay  
  119  11:57  Void Ray  
  119  11:59  Fleet Beacon  
  123  12:01  Observer  
  124  12:13  Stalker  
  124  12:14  Stalker  
  128  12:23  Observer  
  129  12:38  Cybernetics Core  
  129  12:42  Protoss Air Armor Level 1  
  129  12:44  Robotics Facility  
  129  12:46  Extended Thermal Lance  
  129  12:47  Robotics Facility  
  128  12:53  Zealot x3  
  128  12:54  Zealot  
  136  13:01  Carrier  
  142  13:10  Charge  
  140  13:36  Carrier  
  129  13:45  Carrier  
  71  14:05  Carrier  
  75  14:26  Gravitic Boosters  
  75  14:40  Carrier  
  81  14:48  Stalker  
  81  14:49  Stalker, Carrier  
  81  14:52  Protoss Air Weapons Level 2  
  88  14:59  Observer x3  
  91  15:12  Nexus  
  91  15:20  Assimilator, Observer  
  92  15:21  Mothership  
  92  15:22  Assimilator  
  91  16:25  Carrier  
  53  17:26  Stalker  
  53  17:27  Stalker  
Show
View Real Time Build Order
Export as new Build Order

Iosanrriu Terran 

Build Orders:  

Get SALT Encoding   

  12  0:16  SCV  
  13  0:25  Supply Depot  
  13  0:29  SCV  
  14  0:50  Refinery  
  14  0:56  Barracks  
  14  1:03  SCV  
  15  1:10  Refinery  
  15  1:15  SCV  
  16  1:27  SCV  
  17  1:39  SCV  
  18  1:51  SCV  
  19  1:56  Factory  
  19  2:03  SCV  
  21  2:15  SCV  
  21  2:27  SCV  
  22  2:39  SCV  
  22  2:42  Supply Depot, Starport, Factory Tech Lab  
  23  3:04  SCV  
  24  3:06  Supply Depot  
  24  3:14  Command Center  
  24  3:19  Cyclone  
  27  3:25  Starport Tech Lab  
  27  3:35  Fusion Core  
  27  3:52  Cyclone  
  30  4:01  Viking  
  32  4:27  SCV  
  32  4:29  Engineering Bay  
  32  4:30  Orbital Command  
  33  4:31  Viking  
  35  4:39  SCV  
  36  6:12  Viking  
  38  6:19  Armory  
  38  6:26  Terran Infantry Weapons Level 1  
  38  6:28  Armory  
  38  6:42  Viking  
  40  7:12  Viking  
  42  7:40  Terran Ship Weapons Level 1  
  42  7:41  Terran Vehicle Weapons Level 1  
  42  7:42  Viking  
  44  8:12  Viking  
  46  8:14  Starport  
  46  8:20  Terran Infantry Armor Level 1  
  46  8:36  Orbital Command  
  46  8:42  Battlecruiser  
  52  9:08  Mag-Field Accelerator  
  45  11:07  Battlecruiser  
  45  11:08  Starport Tech Lab  
  51  11:37  Terran Infantry Weapons Level 2  
  51  11:39  Terran Ship Weapons Level 2  
  51  11:41  Terran Vehicle Weapons Level 2  
  51  11:53  Supply Depot  
  51  12:16  Supply Depot  
  51  12:22  Refinery  
  51  12:26  Refinery  
  51  12:31  Battlecruiser  
  57  12:53  Cyclone  
  60  13:14  Supply Depot  
  57  13:25  Cyclone  
  57  13:37  Supply Depot  
  49  14:17  Battlecruiser  
  49  14:18  Battlecruiser  
  61  14:43  Cyclone  
  61  15:15  Cyclone  
  38  15:48  Cyclone  
  14  18:14  Supply Depot  
  14  18:19  Supply Depot  
  11  18:24  Supply Depot  
  10  18:31  Missile Turret  
Show
View Real Time Build Order
Export as new Build Order

LUKZ Terran 

Build Orders: Mech 

Get SALT Encoding   

  12  0:10  SCV  
  13  0:14  Refinery  
  13  0:23  Supply Depot  
  13  0:26  SCV  
  14  0:38  SCV  
  15  0:50  SCV  
  16  0:59  Engineering Bay  
  16  1:02  SCV  
  17  1:11  Barracks  
  17  1:14  SCV  
  18  1:26  SCV  
  18  1:29  Missile Turret  
  19  1:38  SCV  
  20  1:50  SCV  
  21  2:00  Marine  
  22  2:05  Bunker  
  22  2:11  Refinery  
  22  2:17  Missile Turret  
  22  2:18  Marine, Missile Turret  
  23  2:28  Supply Depot  
  23  2:33  Supply Depot  
  23  2:46  Supply Depot  
  23  2:49  Marine, SCV  
  25  3:01  SCV  
  26  3:06  Missile Turret  
  26  3:07  Marine  
  27  3:13  Sensor Tower  
  27  3:17  SCV  
  28  3:22  Missile Turret  
  28  3:29  SCV  
  29  3:41  SCV  
  30  3:53  SCV  
  31  4:05  SCV  
  31  4:09  Command Center  
  32  4:17  SCV  
  33  4:29  SCV  
  34  4:33  Factory  
  34  4:37  Factory  
  34  4:42  SCV  
  35  4:54  SCV  
  35  4:55  Factory  
  36  5:06  SCV  
  37  5:10  Missile Turret  
  37  5:14  Missile Turret  
  37  5:18  SCV  
  38  5:30  SCV  
  38  5:31  Missile Turret  
  39  5:42  SCV  
  40  5:53  Supply Depot, Factory Tech Lab  
  40  5:54  SCV  
  41  6:01  Refinery  
  41  6:06  SCV  
  41  6:07  SCV, Refinery  
  43  6:19  SCV x2  
  43  6:21  Factory Tech Lab  
  43  6:23  Factory Tech Lab  
  45  6:31  SCV  
  43  6:43  SCV  
  43  6:44  Siege Tank  
  46  6:52  Siege Tank  
  52  6:58  Siege Tank  
  52  7:07  Missile Turret  
  52  7:11  Missile Turret  
  52  7:12  Missile Turret  
  52  7:24  Siege Tank x2  
  58  7:30  Siege Tank  
  61  7:44  SCV  
  62  7:47  Missile Turret  
  62  7:48  Missile Turret  
  62  7:49  Missile Turret  
  62  7:52  Missile Turret  
  62  7:55  Supply Depot  
  62  7:56  Siege Tank, SCV  
  66  8:08  Siege Tank, SCV  
  70  8:17  Siege Tank  
  73  8:20  SCV  
  74  8:29  Siege Tank  
  78  8:37  Missile Turret  
  77  9:18  Command Center  
  77  9:19  Refinery  
  77  9:20  Refinery  
  74  9:46  Siege Tank  
  77  10:02  SCV  
  78  10:30  Siege Tank x2, SCV  
  84  10:37  Supply Depot  
  84  10:38  Supply Depot  
  84  10:39  Supply Depot  
  84  10:40  Supply Depot  
  84  10:42  Supply Depot, SCV  
  85  10:54  SCV  
  86  11:00  SCV  
  87  11:06  SCV  
  88  11:12  SCV  
  89  11:21  Siege Tank x2  
  89  11:24  SCV  
  96  11:30  Siege Tank  
  99  11:36  SCV  
  100  11:48  SCV  
  100  11:52  Command Center  
  100  11:53  Siege Tank x2  
  107  11:55  Refinery  
  107  11:59  Refinery  
  107  12:02  Siege Tank  
  110  12:27  Supply Depot  
  110  12:28  Supply Depot  
  110  12:29  Supply Depot  
  110  12:31  Supply Depot  
  94  13:47  Siege Tank  
  93  13:50  Siege Tank x2  
  97  14:19  Siege Tank  
  97  14:22  Siege Tank x2  
  103  14:32  Refinery  
  103  14:51  Siege Tank  
  106  14:54  Siege Tank x2  
  112  15:20  Starport  
  112  15:21  Starport  
  64  16:02  Siege Tank  
  64  16:03  Siege Tank  
  55  16:06  Siege Tank  
  57  16:34  Siege Tank  
  57  16:35  Siege Tank  
  57  16:38  Siege Tank  
  49  17:07  Siege Tank x2  
Tags
 
Add a new tag
Caveats
  • Supply blocks, unpowered buildings, or Contaminate may cause inaccurate times.
  • Supply counts are checked every 10 seconds.